 Dungeon Crawl Stone Soup version 0.21.1-1-g345015f (webtiles) character file.

94 lrcuk01 the Chopper (level 4, -6/41 HPs)
             Began as a Minotaur Berserker on Feb 19, 2018.
             Was a Believer of Trog.
             Killed from afar by Mirai's ghost (12 damage)
             ... with an orb of energy
             ... on level 3 of the Dungeon.
             The game lasted 00:10:56 (2068 turns).

lrcuk01 the Chopper (Minotaur Berserker)            Turns: 2068, Time: 00:10:57

Health: -6/41      AC:  6    Str: 23    XL:     4   Next: 38%
Magic:  3/3        EV: 11    Int:  4    God:    Trog [**....]
Gold:   117        SH:  0    Dex:  9    Spells: 3/3 levels left

rFire    . . .     SeeInvis .   a - +0 hand axe
rCold    . . .     Gourm    .   (no shield)
rNeg     . . .     Faith    .   j - +0 scale mail
rPois    .         Spirit   .   (helmet restricted)
rElec    .         Reflect  .   (no cloak)
rCorr    .         Harm     .   (no gloves)
MR       .....                  (no boots)
Stlth    ..........             (no amulet)
HPRegen  0.13/turn              (no ring)
MPRegen  0.08/turn              (no ring)

@: no status effects
A: retaliatory headbutt, horns 2
a: Berserk, Trog's Hand, Burn Spellbooks, Renounce Religion


You were on level 3 of the Dungeon.
You worshipped Trog.
Trog was pleased with you.
You were hungry.

You visited 1 branch of the dungeon, and saw 3 of its levels.

You collected 117 gold pieces.

Inventory:

Hand Weapons
 a - a +0 hand axe (weapon)
Armour
 b - a +0 chain mail
 d - a +0 ring mail
 j - a +0 scale mail (worn)
 l - a +0 pair of boots
Jewellery
 h - an uncursed ring of protection from cold {unknown}
Wands
 f - a wand of acid (6)
 n - a wand of paralysis (8)
 o - a wand of flame (9)
Scrolls
 e - a scroll of remove curse
 m - a scroll of identify
Potions
 i - a potion of resistance {unknown}
 k - a potion of curing
Comestibles
 c - 3 rations
 g - 3 chunks of flesh


   Skills:
 + Level 4.5 Fighting
 + Level 5.0 Axes
 + Level 2.9 Armour
 + Level 2.8 Dodging


You had 3 spell levels left.
You didn't know any spells.

Dungeon Overview and Level Annotations

Branches:
Dungeon (3/15)

Altars:

Annotations:
D:3 Mirai's ghost, amateur DECj


Innate Abilities, Weirdness & Mutations

You reflexively headbutt those who attack you in melee.
You have a pair of horns on your head.


Message History

The shadow imp shouts, "Decamp, thou pottle-deep nut-hook apple-john!"
You see here 18 gold pieces.
The shadow imp gestures at you. Pain shoots through your body!
The orc priest mumbles some strange prayers to Beogh against you.
Pain shoots through your body!
* * * LOW HITPOINT WARNING * * *
The shadow imp grins evilly.
There is a transporter here.
You see here 18 gold pieces.
The shadow imp summons a swarm of flies.
There is a transporter here.
You enter the transporter and appear at another place.
Mirai's ghost closely misses you. You furiously retaliate!
You headbutt Mirai's ghost. You completely miss Mirai's ghost.
Mirai's ghost is moderately damaged.
Mirai's ghost gestures at you while chanting.
The orb of energy hits you!
You die...

..... ##.##
....#.##...#
#######...........
#................†
#.###############.
#.#8≈#oo5....#P8#.
##.#P.#≈≈≈≈≈≈≈#.P#.
#.#..#$.#..≈≈P..#..#.
#...@#§.'..P♣P..'.©#©
#..W.#%.#..≈≈≈..#..#.
#......#P.#≈≈≈≈≈≈≈#.P#.
#.####.#8≈#55.....#P8#.
# #.###############.
#.................
###.##.########...
#.##.# #.## #. #.# #.#


You could see 2 orc priests, Mirai's ghost and 3 shadow imps.

Vanquished Creatures
  An adder (D:2)
  An ooze (D:1)
  3 dart slugs
  4 leopard geckos
  An orc (D:2)
  6 giant cockroaches
  7 goblins
  6 hobgoblins
  10 jackals
  A quokka (D:1)
  2 ball pythons
  5 bats
  3 frilled lizards (D:2)
  3 kobolds (D:2)
  11 rats
64 creatures vanquished.

Notes
Turn   | Place    | Note
-------+----------+-------------------------------------------
     0 | D:1      | lrcuk01 the Minotaur Berserker began the quest for the Orb.
     0 | D:1      | Reached XP level 1. HP: 19/19 MP: 0/0
   256 | D:1      | Reached XP level 2. HP: 20/27 MP: 1/1
   264 | D:1      | Reached skill level 4 in Axes
   708 | D:1      | Reached XP level 3. HP: 24/33 MP: 2/2
   716 | D:1      | Reached ** piety under Trog
  1363 | D:2      | Reached XP level 4. HP: 40/41 MP: 3/3
  1988 | D:3      | Found a transporter.
  2026 | D:3      | Reached skill level 5 in Axes
  2046 | D:3      | Found a transporter.
  2049 | D:3      | Noticed Mirai's ghost (amateur DECj)
  2068 | D:3      | Killed from afar by Mirai's ghost

Skill      XL: |  1  2  3  4 |
---------------+-------------+-----
Axes           | 4 5 |  5.0
Fighting       | 4 |  4.5
Armour         | |  2.9
Dodging        | |  2.8

Action                   |  1- 3 |  4- 6 || total
-------------------------+-------+-------++-------
Melee: Hand axe          |    88 |    32 ||   120
       Headbutt          |    14 |     3 ||    17
  Use: Scroll            |     4 |     2 ||     6
       Potion            |     1 |       ||     1
  Eat: Chunk             |     1 |     2 ||     3
Armor: Animal skin       |    16 |       ||    16
       Scale mail        |       |    16 ||    16
Dodge: Dodged            |    58 |    22 ||    80
